Blackhawks vs Sharks

Created - 6 mai 2022 at 15:56

Goals
1 2 3 T
Blackhawks 0 1 0 1
Sharks 1 0 3 4
Shots
1 2 3 T
Blackhawks 4 18 13 35
Sharks 7 5 16 28

1st period

1. Sharks , Sidney Crosby 2 (Jonathan Huberdeau 3, Dylan Larkin 2) at 1:18

Penalties :
Yanni Gourde (CHI) for Hooking (Minor) at 5:08

2nd period

2. Blackhawks , Moritz Seider 1 (Yanni Gourde 2, Mark Stone 3) at 15:17

Penalties :
Alexander Radulov (SJS) for Roughing (Minor) at 16:20

3rd period

3. Sharks , Alexander Radulov 5 (Jason Demers 2, Alex Pietrangelo 1) at 11:07
4. Sharks , Alex Pietrangelo 1 (Teuvo Teravainen 1) at 13:35 (SH)
5. Sharks , Gabriel Landeskog 3 (Jonathan Huberdeau 4) at 16:33 (PP)

Penalties :
Matt Benning (CHI) for Hooking (Minor) at 1:47, K'Andre Miller (SJS) for Hooking (Minor) at 12:12, Matt Benning (CHI) for Hooking (Minor) at 16:19, Michael Rasmussen (CHI) for Hooking (Minor) at 19:47

Goalie Stats

Frederik Andersen (CHI), 24 saves from 28 shots - (0,857), L, 1-3-1, 60:00 minutes
Semyon Varlamov (SJS), 34 saves from 35 shots - (0,971), W, 4-0-1, 60:00 minutes

Players Stats for Blackhawks

Player Name              G  A  P  +/- PIM S  H  SB GA TA FO     MP     PP MP  PK MP  
------------------------------------------------------------------------------------
Alex Alexeyev            0  0  0   0  0   0  0  0  0  0  0/0     6:01   0:00   0:00 
Alex Formenton           0  0  0  -2  0   0  3  0  0  0  0/0    13:52   0:00   1:27 
Anton Blidh              0  0  0   0  0   2  3  1  1  0  0/0     9:02   0:00   0:00 
Brock McGinn             0  0  0   1  0   1  2  1  0  0  0/1    14:01   1:55   0:00 
Carson Soucy             0  0  0   0  0   2  0  1  0  0  0/0     9:54   0:00   0:00 
Cody Eakin               0  0  0  -2  0   4  0  0  0  1  2/6    12:25   0:00   0:00 
Derek Forbort            0  0  0  -3  0   3  1  1  0  2  0/0    18:26   1:14   1:46 
Kevin Hayes              0  0  0  -1  0   4  2  0  0  0  12/25  20:36   2:03   1:24 
Luke Kunin               0  0  0  -2  0   3  0  1  3  0  0/0    13:13   0:00   0:15 
Mark Stone               0  1  1  -1  0   2  1  0  1  0  0/5    21:17   2:03   2:06 
Matt Benning             0  0  0  -3  4   0  1  1  0  0  0/0    17:16   1:14   0:38 
Michael Rasmussen        0  0  0   0  2   0  0  0  0  0  0/1     9:48   0:00   0:39 
Mikael Backlund          0  0  0   1  0   2  3  1  0  0  6/11   15:53   1:55   0:55 
Moritz Seider            1  0  1   1  0   3  0  2  0  0  0/0    25:39   2:44   2:38 
Niko Mikkola             0  0  0   0  0   2  0  1  0  0  0/0    10:27   0:00   0:33 
Ryan Ellis               0  0  0   1  0   1  1  2  1  0  0/0    25:39   2:44   2:38 
Tyler Benson             0  0  0   0  0   0  0  0  1  0  0/0     9:02   0:00   0:00 
Tyler Bertuzzi           0  0  0  -1  0   3  3  0  1  0  0/2    21:13   2:03   2:02 
William Lagesson         0  0  0   0  0   1  0  1  0  0  0/0     6:46   0:00   0:35 
Yanni Gourde             0  1  1   1  2   2  3  0  1  0  1/1    15:02   1:55   0:00 

Players Stats for Sharks

Player Name              G  A  P  +/- PIM S  H  SB GA TA FO     MP     PP MP  PK MP  
------------------------------------------------------------------------------------
Alex Pietrangelo         1  1  2   3  0   2  2  2  0  1  0/0    25:41   2:36   2:34 
Alexander Radulov        1  0  1   0  2   2  3  1  0  0  1/1    16:27   0:57   0:00 
Boone Jenner             0  0  0   1  0   1  2  1  0  1  7/15   17:18   1:42   0:25 
Carter Rowney            0  0  0   0  0   0  1  1  0  1  3/5    10:52   0:09   2:37 
Colton Sceviour          0  0  0   0  0   0  0  0  0  0  0/0     6:59   0:00   0:00 
David Krejci             0  0  0   0  0   4  0  0  0  0  9/14   17:07   2:03   0:00 
Dylan Larkin             0  1  1   1  0   2  1  1  0  1  1/2    15:47   2:04   0:19 
Gabriel Landeskog        1  0  1   0  0   10 0  0  0  0  3/3    17:18   2:04   0:10 
Jason Demers             0  1  1   2  0   0  5  0  0  1  0/0    24:47   1:48   1:11 
Jonathan Huberdeau       0  2  2   1  0   1  1  0  0  0  0/0    17:34   2:31   0:49 
Justin Braun             0  0  0  -1  0   0  2  2  0  0  0/0    15:21   0:00   1:02 
K'Andre Miller           0  0  0   0  2   0  3  0  0  1  0/0    16:02   1:48   0:57 
Kasperi Kapanen          0  0  0   0  0   2  1  1  0  1  0/0    15:04   0:00   0:00 
Mark Borowiecki          0  0  0   0  0   0  2  1  1  2  0/0    21:19   0:00   2:12 
Michael Raffl            0  0  0   1  0   1  0  1  0  0  0/0     8:14   0:05   0:55 
Shea Theodore            0  0  0   0  0   0  0  0  0  0  0/0    16:39   2:36   0:00 
Sidney Crosby            1  0  1   1  0   1  1  1  1  0  6/11   13:15   0:00   0:00 
Teuvo Teravainen         0  1  1   0  0   2  0  0  1  0  1/1    20:16   1:37   2:41 

3 Stars

1 - Alex Pietrangelo (SJS)
2 - Semyon Varlamov (SJS)
3 - Jason Demers (SJS)

Power Play

Blackhawks - 0 on 2 Attempt(s) - 0,00%
Sharks - 1 on 4 Attempt(s) - 25,00%

Penalty Kill

Blackhawks - 3 on 4 Attempt(s) - 75,00% - Score 0 goal in Penalty Kill
Sharks - 2 on 2 Attempt(s) - 100,00% - Score 1 goal in Penalty Kill

Team Stat

Blackhawks - Hits : 23 - Faceoff Wins : 21 - Blocked Shots : 13 - Penalty Minutes : 8
Sharks - Hits : 24 - Faceoff Wins : 31 - Blocked Shots : 12 - Penalty Minutes : 4

Official

Referees : Jean Hebert and Gord Dwyer
Linesman : Brian Murphy and Julien Fournier

Game Notes

Justin Braun is injured at 0:27 of 3rd period (Sprained Left Ankle)

Finance

Level 1 -- Attendance: 6000 (100,00%) -- Ticket Income 600 000 $
Level 2 -- Attendance: 5000 (100,00%) -- Ticket Income 300 000 $
Level 3 -- Attendance: 2000 (100,00%) -- Ticket Income 70 000 $
Level 4 -- Attendance: 4000 (100,00%) -- Ticket Income 80 000 $
Luxury Box -- Attendance: 1000 (100,00%) -- Ticket Income 200 000 $
Game was played at the Wananiche.
Total Attendance: 18000 (100,00%)
Total Ticket Income: 1 250 000 $
Other Income: 612 500 $
Total Income: 1 862 500 $

Blackhawks

5 vs 5 Forward 
   Center                   Left Wing                Right Wing               Time % Phy DF OF 
 1 Kevin Hayes              Tyler Bertuzzi           Mark Stone               40     1   2  2  
 2 Mikael Backlund          Yanni Gourde             Brock McGinn             30     1   2  2  
 3 Cody Eakin               Alex Formenton           Luke Kunin               20     1   2  2  
 4 Michael Rasmussen        Tyler Benson             Anton Blidh              10     1   2  2  

5 vs 5 Defense 
   Defense                  Defense                                           Time % Phy DF OF 
 1 Moritz Seider            Ryan Ellis                                        40     1   2  2  
 2 Derek Forbort            Matt Benning                                      30     1   2  2  
 3 Carson Soucy             Niko Mikkola                                      20     1   2  2  
 4 William Lagesson         Alex Alexeyev                                     10     1   2  2  

PowerPlay Forward 
   Center                   Left Wing                Right Wing               Time % Phy DF OF 
 1 Kevin Hayes              Tyler Bertuzzi           Mark Stone               60     1   2  2  
 2 Mikael Backlund          Yanni Gourde             Brock McGinn             40     1   2  2  

PowerPlay Defense
   Defense                  Defense                                           Time % Phy DF OF 
 1 Moritz Seider            Ryan Ellis                                        60     1   2  2  
 2 Derek Forbort            Matt Benning                                      40     1   2  2  

Penalty Kill 4 Players Forward 
   Center                   Wing                     Time % Phy DF OF 
 1 Mark Stone               Tyler Bertuzzi           60     1   2  2  
 2 Kevin Hayes              Mikael Backlund          40     1   2  2  

Penalty Kill 4 Players Defense
   Defense                  Defense                  Time % Phy DF OF 
 1 Moritz Seider            Ryan Ellis               60     1   2  2  
 2 Derek Forbort            Matt Benning             40     1   2  2  

Penalty Kill - 3 Players Forward 
   Forward                                           Time % Phy DF OF 
 1 Mark Stone                                        60     1   2  2  
 2 Tyler Bertuzzi                                    40     1   2  2  

Penalty Kill - 3 Players Defense
   Defense                  Defense                  Time % Phy DF OF 
 1 Moritz Seider            Ryan Ellis               60     1   2  2  
 2 Derek Forbort            Matt Benning             40     1   2  2  

4 vs 4 Forward 
   Center                   Wing                     Time % Phy DF OF 
 1 Mark Stone               Tyler Bertuzzi           60     1   2  2  
 2 Kevin Hayes              Mikael Backlund          40     1   2  2  

4 vs 4 Defense
   Defense                  Defense                  Time % Phy DF OF 
 1 Moritz Seider            Ryan Ellis               60     1   2  2  
 2 Derek Forbort            Matt Benning             40     1   2  2  

Last Minutes Offensive
   Center                   Left Wing                Right Wing               Defense                  Defense                  
   Kevin Hayes              Tyler Bertuzzi           Mark Stone               Moritz Seider            Ryan Ellis               

Last Minutes Defensive
   Center                   Left Wing                Right Wing               Defense                  Defense                  
   Kevin Hayes              Tyler Bertuzzi           Mark Stone               Moritz Seider            Ryan Ellis               

Goaltenders
Starting : Frederik Andersen        
Backup : David Rittich            

Extra Forwards
Normal : Cody Eakin, Luke Kunin, Alex Formenton - PP : Cody Eakin, Luke Kunin - PK : Alex Formenton
Extra Defensemen
Normal : Carson Soucy, Niko Mikkola, William Lagesson - PP : Carson Soucy - PK : Niko Mikkola, William Lagesson
Penalty Shots
Mark Stone, Tyler Bertuzzi, Kevin Hayes, Mikael Backlund, Yanni Gourde
Custom OT Lines Forwards
Mark Stone, Tyler Bertuzzi, Kevin Hayes, Mikael Backlund, Yanni Gourde, Brock McGinn, Cody Eakin, Luke Kunin, Alex Formenton, Michael Rasmussen
Custom OT Lines Defensemen
Moritz Seider, Ryan Ellis, Derek Forbort, Matt Benning, Carson Soucy

Scratches
None

Sharks

5 vs 5 Forward 
   Center                   Left Wing                Right Wing               Time % Phy DF OF 
 1 Sidney Crosby            Dylan Larkin             Jonathan Huberdeau       31     0   1  4  
 2 David Krejci             Gabriel Landeskog        Teuvo Teravainen         31     0   1  4  
 3 Boone Jenner             Alexander Radulov        Kasperi Kapanen          30     0   2  3  
 4 Carter Rowney            Michael Raffl            Colton Sceviour          8      0   3  2  

5 vs 5 Defense 
   Defense                  Defense                                           Time % Phy DF OF 
 1 Alex Pietrangelo         Jason Demers                                      38     0   2  3  
 2 Justin Braun             Mark Borowiecki                                   37     0   2  3  
 3 Shea Theodore            K'Andre Miller                                    19     0   2  3  
 4 Justin Braun             Jason Demers                                      6      0   3  2  

PowerPlay Forward 
   Center                   Left Wing                Right Wing               Time % Phy DF OF 
 1 Gabriel Landeskog        David Krejci             Jonathan Huberdeau       55     0   0  5  
 2 David Krejci             Gabriel Landeskog        Teuvo Teravainen         45     0   0  5  

PowerPlay Defense
   Defense                  Defense                                           Time % Phy DF OF 
 1 Alex Pietrangelo         Shea Theodore                                     55     0   1  4  
 2 Jason Demers             K'Andre Miller                                    45     0   1  4  

Penalty Kill 4 Players Forward 
   Center                   Wing                     Time % Phy DF OF 
 1 Carter Rowney            Teuvo Teravainen         60     0   4  1  
 2 Boone Jenner             Michael Raffl            40     0   4  1  

Penalty Kill 4 Players Defense
   Defense                  Defense                  Time % Phy DF OF 
 1 Justin Braun             Alex Pietrangelo         60     0   4  1  
 2 Mark Borowiecki          K'Andre Miller           40     0   4  1  

Penalty Kill - 3 Players Forward 
   Forward                                           Time % Phy DF OF 
 1 Carter Rowney                                     60     0   5  0  
 2 Boone Jenner                                      40     0   5  0  

Penalty Kill - 3 Players Defense
   Defense                  Defense                  Time % Phy DF OF 
 1 Justin Braun             Alex Pietrangelo         60     0   5  0  
 2 Jason Demers             K'Andre Miller           40     0   5  0  

4 vs 4 Forward 
   Center                   Wing                     Time % Phy DF OF 
 1 Sidney Crosby            Gabriel Landeskog        55     0   2  3  
 2 David Krejci             Dylan Larkin             45     0   2  3  

4 vs 4 Defense
   Defense                  Defense                  Time % Phy DF OF 
 1 Alex Pietrangelo         Shea Theodore            55     0   3  2  
 2 Mark Borowiecki          K'Andre Miller           45     0   3  2  

Last Minutes Offensive
   Center                   Left Wing                Right Wing               Defense                  Defense                  
   Sidney Crosby            Gabriel Landeskog        Jonathan Huberdeau       Alex Pietrangelo         Shea Theodore            

Last Minutes Defensive
   Center                   Left Wing                Right Wing               Defense                  Defense                  
   Boone Jenner             Carter Rowney            Michael Raffl            Justin Braun             Alex Pietrangelo         

Goaltenders
Starting : Semyon Varlamov          
Backup : Darcy Kuemper            

Extra Forwards
Normal : Sidney Crosby, Teuvo Teravainen, Alexander Radulov - PP : David Krejci, Dylan Larkin - PK : Michael Raffl
Extra Defensemen
Normal : Shea Theodore, Mark Borowiecki, Jason Demers - PP : Shea Theodore - PK : Mark Borowiecki, Jason Demers
Penalty Shots
Sidney Crosby, Alexander Radulov, Boone Jenner, Jonathan Huberdeau, Gabriel Landeskog
Custom OT Lines Forwards
Sidney Crosby, Gabriel Landeskog, Jonathan Huberdeau, Dylan Larkin, Boone Jenner, David Krejci, Alexander Radulov, Teuvo Teravainen, Kasperi Kapanen, Colton Sceviour
Custom OT Lines Defensemen
Alex Pietrangelo, Justin Braun, Jason Demers, K'Andre Miller, Shea Theodore

Scratches
Robert Thomas (Healthy), Oliver Wahlstrom (Healthy)

% Time on Ice - Blackhawks

Lines # - Real PCT - Wanted PCT - Time Play
Normal Forward
1 - 33% - 40% - 17:08
2 - 25% - 30% - 13:08
3 - 24% - 20% - 12:20
4 - 17% - 10% - 9:02
Normal Defense
1 - 39% - 40% - 20:17
2 - 30% - 30% - 15:26
3 - 19% - 20% - 9:54
4 - 12% - 10% - 6:01
PP Forward
1 - 52% - 60% - 2:03
2 - 48% - 40% - 1:55
PP Defense
1 - 69% - 60% - 2:44
2 - 31% - 40% - 1:14
PK Forward
1 - 79% - 60% - 3:29
2 - 21% - 40% - 0:55
PK Defense
1 - 60% - 60% - 2:38
2 - 40% - 40% - 1:46
PK3 Forward
1 - 0% - 60%
2 - 0% - 40%
PK3 Defense
1 - 0% - 60%
2 - 0% - 40%
44 Forward
1 - 0% - 60%
2 - 0% - 40%
44 Defense
1 - 0% - 60%
2 - 0% - 40%
Last Minute Offensive  - 0:00
Last Minute Defensive  - 0:00
Total
Forward - 60:00
Defense - 60:00

% Time on Ice - Sharks

Lines # - Real PCT - Wanted PCT - Time Play
Normal Forward
1 - 28% - 31% - 14:24
2 - 29% - 31% - 15:11
3 - 29% - 30% - 15:04
4 - 14% - 8% - 6:59
Normal Defense
1 - 34% - 38% - 17:25
2 - 40% - 37% - 20:50
3 - 18% - 19% - 9:20
4 - 8% - 6% - 4:03
PP Forward
1 - 59% - 55% - 2:36
2 - 41% - 45% - 1:48
PP Defense
1 - 59% - 55% - 2:36
2 - 41% - 45% - 1:48
PK Forward
1 - 89% - 60% - 3:33
2 - 11% - 40% - 0:25
PK Defense
1 - 65% - 60% - 2:34
2 - 35% - 40% - 1:24
PK3 Forward
1 - 0% - 60%
2 - 0% - 40%
PK3 Defense
1 - 0% - 60%
2 - 0% - 40%
44 Forward
1 - 0% - 55%
2 - 0% - 45%
44 Defense
1 - 0% - 55%
2 - 0% - 45%
Last Minute Offensive  - 0:00
Last Minute Defensive  - 0:00
Total
Forward - 60:00
Defense - 60:00

Play-by-Play

1st period


0:01 of 1st period - Sidney Crosby wins face-off versus Kevin Hayes in neutral zone.
0:14 of 1st period - Snap shot by Mark Stone.
0:14 of 1st period - Shot Hit the Post.
0:16 of 1st period - Backhand shot by Mark Stone.
0:16 of 1st period - Stopped by Semyon Varlamov with a rebound.
0:30 of 1st period - Wrist shot by Luke Kunin.
0:30 of 1st period - Shot Misses the Net.
1:18 of 1st period - Wrist shot by Sidney Crosby.
1:18 of 1st period - Goal by Sidney Crosby - Blackhawks : 0 - Sharks : 1.
1:19 of 1st period - David Krejci wins face-off versus Mikael Backlund in neutral zone.
1:29 of 1st period - Slapshot by Brock McGinn.
1:29 of 1st period - Shot Hit the Post.
1:31 of 1st period - Slapshot by Carson Soucy.
1:31 of 1st period - Shot Blocked by Justin Braun.
1:33 of 1st period - Snap shot by Niko Mikkola.
1:33 of 1st period - Deflect By Gabriel Landeskog.
1:33 of 1st period - Stopped by Semyon Varlamov without a rebound.
1:34 of 1st period - Boone Jenner wins face-off versus Tyler Bertuzzi in Sharks zone.
1:34 of 1st period - Boone Jenner is hit by Ryan Ellis.
1:44 of 1st period - Wrist shot by Tyler Bertuzzi.
1:44 of 1st period - Shot Misses the Net.
2:32 of 1st period - Icing by William Lagesson.
2:33 of 1st period - Boone Jenner wins face-off versus Michael Rasmussen in Blackhawks zone.
2:45 of 1st period - Slapshot by William Lagesson.
2:45 of 1st period - Stopped by Semyon Varlamov without a rebound.
2:46 of 1st period - David Krejci wins face-off versus Kevin Hayes in Sharks zone.
2:46 of 1st period - David Krejci is hit by Tyler Bertuzzi.
3:00 of 1st period - Wrist shot by Gabriel Landeskog.
3:00 of 1st period - Shot Blocked by Niko Mikkola.
3:02 of 1st period - Slapshot by Gabriel Landeskog.
3:02 of 1st period - Stopped by Frederik Andersen with a rebound.
3:12 of 1st period - K'Andre Miller is hit by Mikael Backlund and loses puck.
3:43 of 1st period - Wrist shot by Michael Rasmussen.
3:43 of 1st period - Deflect By Colton Sceviour.
3:43 of 1st period - Shot Misses the Net.
3:43 of 1st period - Puck is out of play.
3:44 of 1st period - Kevin Hayes wins face-off versus David Krejci in Sharks zone.
3:45 of 1st period - Snap shot by Tyler Bertuzzi.
3:45 of 1st period - Shot Misses the Net.
3:52 of 1st period - Off-side.
3:53 of 1st period - David Krejci wins face-off versus Kevin Hayes in neutral zone.
4:36 of 1st period - Slapshot by Gabriel Landeskog.
4:36 of 1st period - Stopped by Frederik Andersen with a rebound.
4:38 of 1st period - Slapshot by Justin Braun.
4:38 of 1st period - Shot Blocked by Derek Forbort.
4:40 of 1st period - Wrist shot by Gabriel Landeskog.
4:40 of 1st period - Stopped by Frederik Andersen with a rebound.
5:04 of 1st period - Slapshot by Teuvo Teravainen.
5:04 of 1st period - Stopped by Frederik Andersen without a rebound.
5:05 of 1st period - Yanni Gourde wins face-off versus Boone Jenner in Blackhawks zone.
5:05 of 1st period - Yanni Gourde is hit by K'Andre Miller.
5:08 of 1st period - Minor Penalty to Yanni Gourde for Hooking.
5:09 of 1st period - David Krejci wins face-off versus Mark Stone in Blackhawks zone.
6:33 of 1st period - Tyler Bertuzzi is hit by Alex Pietrangelo and loses puck.
7:08 of 1st period - Penalty to Yanni Gourde is over, Yanni Gourde is back on ice.
7:33 of 1st period - K'Andre Miller is hit by Yanni Gourde and loses puck.
7:42 of 1st period - Niko Mikkola is hit by Alexander Radulov and loses puck.
8:25 of 1st period - Snap shot by Mark Stone.
8:25 of 1st period - Shot Misses the Net.
8:57 of 1st period - Boone Jenner is hit by Kevin Hayes and loses puck.
9:22 of 1st period - Justin Braun is hit by Alex Formenton and loses puck.
10:45 of 1st period - Snap shot by Jonathan Huberdeau.
10:45 of 1st period - Shot Blocked by Ryan Ellis.
11:24 of 1st period - Wrist shot by Jonathan Huberdeau.
11:24 of 1st period - Shot Hit the Post.
12:24 of 1st period - Alex Formenton is hit by Justin Braun and loses puck.
12:53 of 1st period - Wrist shot by Gabriel Landeskog.
12:53 of 1st period - Shot Misses the Net.
14:28 of 1st period - Snap shot by Sidney Crosby.
14:28 of 1st period - Deflect By Dylan Larkin.
14:28 of 1st period - Stopped by Frederik Andersen with a rebound.
15:47 of 1st period - Snap shot by Michael Raffl.
15:47 of 1st period - Shot Misses the Net.
15:49 of 1st period - Slapshot by Carter Rowney.
15:49 of 1st period - Deflect By Michael Raffl.
15:49 of 1st period - Shot Misses the Net.
15:49 of 1st period - Puck is out of play.
15:50 of 1st period - Kevin Hayes wins face-off versus Boone Jenner in Blackhawks zone.
15:50 of 1st period - Kevin Hayes is hit by Boone Jenner.
15:56 of 1st period - Matt Benning is hit by Justin Braun and loses puck.
16:07 of 1st period - Alexander Radulov is hit by Tyler Bertuzzi and loses puck.
16:28 of 1st period - Justin Braun is hit by Alex Formenton and loses puck.
17:32 of 1st period - Slapshot by Moritz Seider.
17:32 of 1st period - Shot Misses the Net.
18:14 of 1st period - Teuvo Teravainen is hit by Anton Blidh and loses puck.
18:50 of 1st period - Wrist shot by Kevin Hayes.
18:50 of 1st period - Stopped by Semyon Varlamov with a rebound.
18:52 of 1st period - Slapshot by Ryan Ellis.
18:52 of 1st period - Shot Blocked by Alex Pietrangelo.
19:11 of 1st period - Snap shot by Sidney Crosby.
19:11 of 1st period - Shot Misses the Net.
19:41 of 1st period - Tyler Bertuzzi is hit by K'Andre Miller and loses puck.
19:48 of 1st period - Snap shot by Gabriel Landeskog.
19:48 of 1st period - Stopped by Frederik Andersen with a rebound.
Goals for this period are 0 for Blackhawks vs 1 for Sharks.
Shots for this period are 4 for Blackhawks vs 7 for Sharks.

2nd period


0:01 of 2nd period - Boone Jenner wins face-off versus Kevin Hayes in neutral zone.
0:08 of 2nd period - Wrist shot by Kasperi Kapanen.
0:08 of 2nd period - Shot Blocked by Moritz Seider.
0:29 of 2nd period - Snap shot by Yanni Gourde.
0:29 of 2nd period - Shot Misses the Net.
0:31 of 2nd period - Slapshot by Mikael Backlund.
0:31 of 2nd period - Shot Blocked by Sidney Crosby.
0:33 of 2nd period - Slapshot by Mikael Backlund.
0:33 of 2nd period - Shot Blocked by Dylan Larkin.
0:35 of 2nd period - Snap shot by Brock McGinn.
0:35 of 2nd period - Stopped by Semyon Varlamov without a rebound.
0:36 of 2nd period - Mikael Backlund wins face-off versus Dylan Larkin in Sharks zone.
1:03 of 2nd period - Boone Jenner is hit by Kevin Hayes and loses puck.
1:16 of 2nd period - Jason Demers is hit by Matt Benning and loses puck.
1:27 of 2nd period - Cody Eakin is hit by Alex Pietrangelo and loses puck.
1:56 of 2nd period - Snap shot by Michael Raffl.
1:56 of 2nd period - Shot Blocked by Carson Soucy.
2:11 of 2nd period - Off-side.
2:12 of 2nd period - Kevin Hayes wins face-off versus Boone Jenner in neutral zone.
3:02 of 2nd period - Carter Rowney is hit by Mikael Backlund and loses puck.
3:23 of 2nd period - Derek Forbort is hit by Jason Demers and loses puck.
4:49 of 2nd period - Off-side.
4:50 of 2nd period - Sidney Crosby wins face-off versus Kevin Hayes in neutral zone.
5:07 of 2nd period - Wrist shot by Tyler Bertuzzi.
5:07 of 2nd period - Deflect By Kevin Hayes.
5:07 of 2nd period - Stopped by Semyon Varlamov with a rebound.
5:19 of 2nd period - Slapshot by Gabriel Landeskog.
5:19 of 2nd period - Shot Misses the Net.
5:37 of 2nd period - Cody Eakin is hit by Jason Demers and loses puck.
6:10 of 2nd period - Snap shot by Michael Rasmussen.
6:10 of 2nd period - Shot Blocked by Mark Borowiecki.
6:22 of 2nd period - Snap shot by Gabriel Landeskog.
6:22 of 2nd period - Shot Misses the Net.
6:24 of 2nd period - Slapshot by David Krejci.
6:24 of 2nd period - Stopped by Frederik Andersen with a rebound.
6:28 of 2nd period - Snap shot by Gabriel Landeskog.
6:28 of 2nd period - Shot Blocked by Anton Blidh.
6:44 of 2nd period - Wrist shot by Michael Rasmussen.
6:44 of 2nd period - Shot Misses the Net.
6:46 of 2nd period - Snap shot by Anton Blidh.
6:46 of 2nd period - Stopped by Semyon Varlamov without a rebound.
6:47 of 2nd period - Kevin Hayes wins face-off versus Boone Jenner in Sharks zone.
6:48 of 2nd period - Snap shot by Mark Stone.
6:48 of 2nd period - Shot Misses the Net.
6:50 of 2nd period - Slapshot by Derek Forbort.
6:50 of 2nd period - Stopped by Semyon Varlamov with a rebound.
6:52 of 2nd period - Slapshot by Derek Forbort.
6:52 of 2nd period - Stopped by Semyon Varlamov without a rebound.
6:53 of 2nd period - Boone Jenner wins face-off versus Kevin Hayes in Sharks zone.
7:17 of 2nd period - Off-side.
7:18 of 2nd period - David Krejci wins face-off versus Mikael Backlund in neutral zone.
8:12 of 2nd period - Snap shot by Alexander Radulov.
8:12 of 2nd period - Shot Blocked by William Lagesson.
8:14 of 2nd period - Slapshot by Justin Braun.
8:14 of 2nd period - Shot Misses the Net.
8:16 of 2nd period - Wrist shot by Alexander Radulov.
8:16 of 2nd period - Deflect By Kasperi Kapanen.
8:16 of 2nd period - Shot Misses the Net.
8:16 of 2nd period - Puck is out of play.
8:17 of 2nd period - Kevin Hayes wins face-off versus Sidney Crosby in Blackhawks zone.
8:17 of 2nd period - Kevin Hayes is hit by Dylan Larkin.
8:31 of 2nd period - Tyler Bertuzzi is hit by Mark Borowiecki and loses puck.
9:05 of 2nd period - Slapshot by Moritz Seider.
9:05 of 2nd period - Stopped by Semyon Varlamov without a rebound.
9:06 of 2nd period - Boone Jenner wins face-off versus Cody Eakin in Sharks zone.
10:04 of 2nd period - Snap shot by Yanni Gourde.
10:04 of 2nd period - Shot Misses the Net.
10:14 of 2nd period - Justin Braun is hit by Anton Blidh and loses puck.
10:21 of 2nd period - Backhand shot by Tyler Benson.
10:21 of 2nd period - Shot Misses the Net.
10:23 of 2nd period - Snap shot by Michael Rasmussen.
10:23 of 2nd period - Shot Blocked by Alexander Radulov.
10:33 of 2nd period - Snap shot by Luke Kunin.
10:33 of 2nd period - Shot Misses the Net.
10:39 of 2nd period - Slapshot by Moritz Seider.
10:39 of 2nd period - Stopped by Semyon Varlamov without a rebound.
10:40 of 2nd period - Sidney Crosby wins face-off versus Kevin Hayes in Sharks zone.
10:40 of 2nd period - Sidney Crosby is hit by Tyler Bertuzzi.
10:54 of 2nd period - Snap shot by Mark Stone.
10:54 of 2nd period - Shot Misses the Net.
11:00 of 2nd period - Alex Alexeyev is hit by Jason Demers and loses puck.
11:25 of 2nd period - Slapshot by Kevin Hayes.
11:25 of 2nd period - Shot Misses the Net.
11:27 of 2nd period - Slapshot by Alex Alexeyev.
11:27 of 2nd period - Deflect By Tyler Bertuzzi.
11:27 of 2nd period - Shot Blocked by Alex Pietrangelo.
11:27 of 2nd period - Puck is out of play.
11:28 of 2nd period - Teuvo Teravainen wins face-off versus Mikael Backlund in Sharks zone.
11:45 of 2nd period - Snap shot by David Krejci.
11:45 of 2nd period - Stopped by Frederik Andersen with a rebound.
11:56 of 2nd period - Off-side.
11:57 of 2nd period - Cody Eakin wins face-off versus Sidney Crosby in neutral zone.
12:15 of 2nd period - Off-side.
12:16 of 2nd period - David Krejci wins face-off versus Kevin Hayes in neutral zone.
12:19 of 2nd period - Snap shot by Teuvo Teravainen.
12:19 of 2nd period - Shot Misses the Net.
12:21 of 2nd period - Snap shot by Teuvo Teravainen.
12:21 of 2nd period - Shot Misses the Net.
12:23 of 2nd period - Snap shot by Gabriel Landeskog.
12:23 of 2nd period - Stopped by Frederik Andersen with a rebound.
12:25 of 2nd period - Slapshot by Mark Borowiecki.
12:25 of 2nd period - Shot Misses the Net.
13:06 of 2nd period - Alex Formenton is hit by Jonathan Huberdeau and loses puck.
14:24 of 2nd period - Snap shot by Cody Eakin.
14:24 of 2nd period - Stopped by Semyon Varlamov with a rebound.
14:26 of 2nd period - Slapshot by Derek Forbort.
14:26 of 2nd period - Stopped by Semyon Varlamov without a rebound.
14:27 of 2nd period - Sidney Crosby wins face-off versus Cody Eakin in Sharks zone.
14:39 of 2nd period - Slapshot by Luke Kunin.
14:39 of 2nd period - Stopped by Semyon Varlamov with a rebound.
14:41 of 2nd period - Slapshot by Carson Soucy.
14:41 of 2nd period - Stopped by Semyon Varlamov without a rebound.
14:42 of 2nd period - Kevin Hayes wins face-off versus David Krejci in Sharks zone.
14:53 of 2nd period - Slapshot by Tyler Bertuzzi.
14:53 of 2nd period - Stopped by Semyon Varlamov with a rebound.
15:17 of 2nd period - Snap shot by Moritz Seider.
15:17 of 2nd period - Goal by Moritz Seider - Blackhawks : 1 - Sharks : 1.
15:18 of 2nd period - Kevin Hayes wins face-off versus David Krejci in neutral zone.
15:32 of 2nd period - Snap shot by Tyler Bertuzzi.
15:32 of 2nd period - Deflect By Kevin Hayes.
15:32 of 2nd period - Shot Misses the Net.
15:32 of 2nd period - Puck is out of play.
15:33 of 2nd period - Mikael Backlund wins face-off versus Boone Jenner in Sharks zone.
15:36 of 2nd period - Slapshot by Yanni Gourde.
15:36 of 2nd period - Stopped by Semyon Varlamov without a rebound.
15:37 of 2nd period - Mikael Backlund wins face-off versus Boone Jenner in Sharks zone.
15:38 of 2nd period - Snap shot by Yanni Gourde.
15:38 of 2nd period - Shot Hit the Post.
16:14 of 2nd period - Snap shot by Cody Eakin.
16:14 of 2nd period - Shot Blocked by Boone Jenner.
16:20 of 2nd period - Minor Penalty to Alexander Radulov for Roughing.
16:21 of 2nd period - Carter Rowney wins face-off versus Tyler Bertuzzi in Sharks zone.
18:20 of 2nd period - Penalty to Alexander Radulov is over, Alexander Radulov is back on ice.
18:24 of 2nd period - Off-side.
18:25 of 2nd period - Cody Eakin wins face-off versus Boone Jenner in neutral zone.
18:30 of 2nd period - Snap shot by Luke Kunin.
18:30 of 2nd period - Shot Blocked by Justin Braun.
18:32 of 2nd period - Backhand shot by Alex Formenton.
18:32 of 2nd period - Shot Misses the Net.
18:34 of 2nd period - Slapshot by Niko Mikkola.
18:34 of 2nd period - Stopped by Semyon Varlamov with a rebound.
18:36 of 2nd period - Snap shot by Cody Eakin.
18:36 of 2nd period - Stopped by Semyon Varlamov without a rebound.
18:37 of 2nd period - Alexander Radulov wins face-off versus Cody Eakin in Sharks zone.
19:12 of 2nd period - Snap shot by Tyler Bertuzzi.
19:12 of 2nd period - Stopped by Semyon Varlamov with a rebound.
19:14 of 2nd period - Backhand shot by Kevin Hayes.
19:14 of 2nd period - Deflect By Tyler Bertuzzi.
19:14 of 2nd period - Stopped by Semyon Varlamov without a rebound.
19:15 of 2nd period - David Krejci wins face-off versus Mikael Backlund in Sharks zone.
19:22 of 2nd period - Snap shot by Gabriel Landeskog.
19:22 of 2nd period - Stopped by Frederik Andersen without a rebound.
19:23 of 2nd period - Mikael Backlund wins face-off versus David Krejci in Blackhawks zone.
19:36 of 2nd period - Teuvo Teravainen is hit by Brock McGinn and loses puck.
19:49 of 2nd period - Backhand shot by Gabriel Landeskog.
19:49 of 2nd period - Shot Misses the Net.
19:51 of 2nd period - Snap shot by Justin Braun.
19:51 of 2nd period - Shot Blocked by Mikael Backlund.
19:53 of 2nd period - Slapshot by Justin Braun.
19:53 of 2nd period - Shot Blocked by Brock McGinn.
19:55 of 2nd period - Slapshot by Justin Braun.
19:55 of 2nd period - Shot Misses the Net.
19:57 of 2nd period - Slapshot by Justin Braun.
19:57 of 2nd period - Shot Misses the Net.
19:59 of 2nd period - Slapshot by Teuvo Teravainen.
19:59 of 2nd period - Stopped by Frederik Andersen without a rebound.
Goals for this period are 1 for Blackhawks vs 0 for Sharks.
Shots for this period are 18 for Blackhawks vs 5 for Sharks.

3rd period


0:01 of 3rd period - Kevin Hayes wins face-off versus Sidney Crosby in neutral zone.
0:26 of 3rd period - Justin Braun is hit by Yanni Gourde and loses puck.
0:27 of 3rd period - Justin Braun from Sharks is injured at 0:27 of 3rd period (Sprained Left Ankle).
0:28 of 3rd period - Sidney Crosby wins face-off versus Kevin Hayes in Sharks zone.
0:35 of 3rd period - Slapshot by Jonathan Huberdeau.
0:35 of 3rd period - Stopped by Frederik Andersen with a rebound.
0:37 of 3rd period - Wrist shot by Dylan Larkin.
0:37 of 3rd period - Shot Misses the Net.
0:39 of 3rd period - Snap shot by Dylan Larkin.
0:39 of 3rd period - Shot Blocked by Moritz Seider.
0:41 of 3rd period - Snap shot by Dylan Larkin.
0:41 of 3rd period - Deflect By Sidney Crosby.
0:41 of 3rd period - Shot Misses the Net.
0:41 of 3rd period - Puck is out of play.
0:42 of 3rd period - Kevin Hayes wins face-off versus David Krejci in Blackhawks zone.
1:19 of 3rd period - Wrist shot by Mikael Backlund.
1:19 of 3rd period - Stopped by Semyon Varlamov with a rebound.
1:37 of 3rd period - Snap shot by Kasperi Kapanen.
1:37 of 3rd period - Shot Misses the Net.
1:41 of 3rd period - Wrist shot by Kasperi Kapanen.
1:41 of 3rd period - Stopped by Frederik Andersen with a rebound.
1:47 of 3rd period - Minor Penalty to Matt Benning for Hooking.
1:48 of 3rd period - Gabriel Landeskog wins face-off versus Mark Stone in Blackhawks zone.
3:47 of 3rd period - Penalty to Matt Benning is over, Matt Benning is back on ice.
4:08 of 3rd period - Wrist shot by Yanni Gourde.
4:08 of 3rd period - Shot Blocked by Michael Raffl.
5:19 of 3rd period - Jason Demers is hit by Mark Stone.
5:31 of 3rd period - Tyler Benson is hit by Jason Demers and loses puck.
5:42 of 3rd period - Alex Pietrangelo is hit by Mikael Backlund and loses puck.
5:55 of 3rd period - Alex Pietrangelo is hit by Brock McGinn and loses puck.
6:58 of 3rd period - Gabriel Landeskog is hit by Derek Forbort and loses puck.
7:21 of 3rd period - Slapshot by Cody Eakin.
7:21 of 3rd period - Shot Misses the Net.
7:23 of 3rd period - Wrist shot by Luke Kunin.
7:23 of 3rd period - Stopped by Semyon Varlamov without a rebound.
7:24 of 3rd period - Boone Jenner wins face-off versus Kevin Hayes in Sharks zone.
8:20 of 3rd period - Wrist shot by Michael Raffl.
8:20 of 3rd period - Stopped by Frederik Andersen without a rebound.
8:21 of 3rd period - David Krejci wins face-off versus Kevin Hayes in Blackhawks zone.
8:32 of 3rd period - Wrist shot by Gabriel Landeskog.
8:32 of 3rd period - Shot Misses the Net.
9:13 of 3rd period - Snap shot by Cody Eakin.
9:13 of 3rd period - Stopped by Semyon Varlamov without a rebound.
9:14 of 3rd period - Boone Jenner wins face-off versus Cody Eakin in Sharks zone.
9:31 of 3rd period - Slapshot by Cody Eakin.
9:31 of 3rd period - Stopped by Semyon Varlamov with a rebound.
9:33 of 3rd period - Wrist shot by Luke Kunin.
9:33 of 3rd period - Stopped by Semyon Varlamov with a rebound.
9:35 of 3rd period - Slapshot by Niko Mikkola.
9:35 of 3rd period - Shot Misses the Net.
9:43 of 3rd period - Alexander Radulov is hit by Alex Formenton.
9:52 of 3rd period - Cody Eakin is hit by Jason Demers and loses puck.
10:12 of 3rd period - Slapshot by Ryan Ellis.
10:12 of 3rd period - Shot Blocked by Kasperi Kapanen.
10:18 of 3rd period - Cody Eakin is hit by Alexander Radulov and loses puck.
10:27 of 3rd period - Luke Kunin is hit by Alexander Radulov and loses puck.
10:36 of 3rd period - Cody Eakin is hit by Boone Jenner.
10:40 of 3rd period - Luke Kunin is hit by Mark Borowiecki and loses puck.
10:59 of 3rd period - Snap shot by Kasperi Kapanen.
10:59 of 3rd period - Shot Misses the Net.
11:01 of 3rd period - Slapshot by Alex Pietrangelo.
11:01 of 3rd period - Stopped by Frederik Andersen with a rebound.
11:03 of 3rd period - Snap shot by Alexander Radulov.
11:03 of 3rd period - Shot Blocked by Luke Kunin.
11:05 of 3rd period - Slapshot by Jason Demers.
11:05 of 3rd period - Shot Blocked by Matt Benning.
11:07 of 3rd period - Wrist shot by Alexander Radulov.
11:07 of 3rd period - Goal by Alexander Radulov - Blackhawks : 1 - Sharks : 2.
11:08 of 3rd period - Kevin Hayes wins face-off versus Sidney Crosby in neutral zone.
11:57 of 3rd period - Wrist shot by Mark Stone.
11:57 of 3rd period - Shot Misses the Net.
12:01 of 3rd period - Slapshot by Tyler Bertuzzi.
12:01 of 3rd period - Shot Misses the Net.
12:07 of 3rd period - Snap shot by Kevin Hayes.
12:07 of 3rd period - Stopped by Semyon Varlamov with a rebound.
12:09 of 3rd period - Slapshot by Ryan Ellis.
12:09 of 3rd period - Stopped by Semyon Varlamov without a rebound.
12:10 of 3rd period - Sidney Crosby wins face-off versus Mikael Backlund in Sharks zone.
12:12 of 3rd period - Minor Penalty to K'Andre Miller for Hooking.
12:13 of 3rd period - Mikael Backlund wins face-off versus Carter Rowney in Sharks zone.
12:13 of 3rd period - Backhand shot by Yanni Gourde.
12:13 of 3rd period - Stopped by Semyon Varlamov without a rebound.
12:14 of 3rd period - Carter Rowney wins face-off versus Brock McGinn in Sharks zone.
12:14 of 3rd period - Carter Rowney is hit by Yanni Gourde.
12:29 of 3rd period - Off-side.
12:30 of 3rd period - Kevin Hayes wins face-off versus Carter Rowney in neutral zone.
12:33 of 3rd period - Slapshot by Tyler Bertuzzi.
12:33 of 3rd period - Shot Misses the Net.
12:35 of 3rd period - Snap shot by Moritz Seider.
12:35 of 3rd period - Shot Misses the Net.
12:37 of 3rd period - Wrist shot by Mark Stone.
12:37 of 3rd period - Shot Misses the Net.
13:35 of 3rd period - Wrist shot by Alex Pietrangelo.
13:35 of 3rd period - Goal by Alex Pietrangelo - Blackhawks : 1 - Sharks : 3.
13:36 of 3rd period - Carter Rowney wins face-off versus Kevin Hayes in neutral zone.
13:53 of 3rd period - Snap shot by Kevin Hayes.
13:53 of 3rd period - Stopped by Semyon Varlamov with a rebound.
14:08 of 3rd period - Moritz Seider is hit by Carter Rowney and loses puck.
14:12 of 3rd period - Penalty to K'Andre Miller is over, K'Andre Miller is back on ice.
14:51 of 3rd period - Snap shot by Mark Stone.
14:51 of 3rd period - Shot Blocked by Carter Rowney.
14:53 of 3rd period - Backhand shot by Carson Soucy.
14:53 of 3rd period - Stopped by Semyon Varlamov with a rebound.
14:55 of 3rd period - Snap shot by Mark Stone.
14:55 of 3rd period - Stopped by Semyon Varlamov with a rebound.
15:13 of 3rd period - Wrist shot by Kasperi Kapanen.
15:13 of 3rd period - Deflect By Alexander Radulov.
15:13 of 3rd period - Stopped by Frederik Andersen without a rebound.
15:14 of 3rd period - Kevin Hayes wins face-off versus Boone Jenner in Blackhawks zone.
15:23 of 3rd period - Slapshot by Kasperi Kapanen.
15:23 of 3rd period - Stopped by Frederik Andersen with a rebound.
15:25 of 3rd period - Slapshot by Mark Borowiecki.
15:25 of 3rd period - Shot Misses the Net.
15:27 of 3rd period - Snap shot by Boone Jenner.
15:27 of 3rd period - Shot Blocked by Ryan Ellis.
15:29 of 3rd period - Wrist shot by Boone Jenner.
15:29 of 3rd period - Shot Misses the Net.
15:31 of 3rd period - Snap shot by Boone Jenner.
15:31 of 3rd period - Shot Hit the Post.
15:33 of 3rd period - Slapshot by Kasperi Kapanen.
15:33 of 3rd period - Shot Misses the Net.
15:35 of 3rd period - Snap shot by Boone Jenner.
15:35 of 3rd period - Stopped by Frederik Andersen without a rebound.
15:36 of 3rd period - Mikael Backlund wins face-off versus Sidney Crosby in Blackhawks zone.
15:46 of 3rd period - Derek Forbort is hit by Sidney Crosby and loses puck.
16:12 of 3rd period - Derek Forbort is hit by Kasperi Kapanen and loses puck.
16:19 of 3rd period - Minor Penalty to Matt Benning for Hooking.
16:20 of 3rd period - Gabriel Landeskog wins face-off versus Mark Stone in Blackhawks zone.
16:27 of 3rd period - Snap shot by Gabriel Landeskog.
16:27 of 3rd period - Stopped by Frederik Andersen with a rebound.
16:29 of 3rd period - Wrist shot by David Krejci.
16:29 of 3rd period - Stopped by Frederik Andersen without a rebound.
16:30 of 3rd period - Gabriel Landeskog wins face-off versus Mark Stone in Blackhawks zone.
16:33 of 3rd period - Wrist shot by Gabriel Landeskog.
16:33 of 3rd period - Goal by Gabriel Landeskog - Blackhawks : 1 - Sharks : 4.
16:34 of 3rd period - David Krejci wins face-off versus Kevin Hayes in neutral zone.
17:11 of 3rd period - Backhand shot by Mikael Backlund.
17:11 of 3rd period - Stopped by Semyon Varlamov with a rebound.
18:31 of 3rd period - Mikael Backlund is hit by K'Andre Miller and loses puck.
18:58 of 3rd period - Jonathan Huberdeau is hit by Anton Blidh and loses puck.
19:17 of 3rd period - Snap shot by Michael Rasmussen.
19:17 of 3rd period - Deflect By Anton Blidh.
19:17 of 3rd period - Stopped by Semyon Varlamov with a rebound.
19:28 of 3rd period - Snap shot by Gabriel Landeskog.
19:28 of 3rd period - Shot Misses the Net.
19:30 of 3rd period - Snap shot by Teuvo Teravainen.
19:30 of 3rd period - Deflect By Gabriel Landeskog.
19:30 of 3rd period - Stopped by Frederik Andersen with a rebound.
19:32 of 3rd period - Wrist shot by Teuvo Teravainen.
19:32 of 3rd period - Shot Misses the Net.
19:34 of 3rd period - Slapshot by Gabriel Landeskog.
19:34 of 3rd period - Stopped by Frederik Andersen with a rebound.
19:36 of 3rd period - Wrist shot by David Krejci.
19:36 of 3rd period - Stopped by Frederik Andersen with a rebound.
19:47 of 3rd period - Minor Penalty to Michael Rasmussen for Hooking.
19:48 of 3rd period - Dylan Larkin wins face-off versus Mark Stone in Blackhawks zone.
19:56 of 3rd period - Wrist shot by Dylan Larkin.
19:56 of 3rd period - Stopped by Frederik Andersen with a rebound.
Goals for this period are 0 for Blackhawks vs 3 for Sharks.
Shots for this period are 13 for Blackhawks vs 16 for Sharks. Output by the SimonT Hockey Simulator (STHS) for Eric Tremblay - Original Page W3C HTML5 Valid
Hockey Simulator - Hockey Simulation - Hockey Manager